TOP OF THE 1ST |
University of Arizona Wildcats batting - Pitching for UCLA Bruins : LHP Daniel McConnell
|
Pitching: LHP Daniel McConnell
|
|
Batting: LHB Jere Paatelainen
|
0-0: Foul Ball, location: 2F 0-1: Called Strike 0-2: Strikes out looking
|
Batting: LHB Pascal Noël
|
0-0: Swinging Strike 0-1: Ground out 5-3 (Groundball, 5, EV 85.0 MPH)
|
Batting: RHB Ricardo Fernandez
|
0-0: Called Strike 0-1: Foul Ball, location: 2F 0-2: Strikes out swinging
|
Top of the 1st over - 0 runs, 0 hits, 0 errors, 0 left on base; University of Arizona 0 - UCLA 0 |
BOTTOM OF THE 1ST |
UCLA Bruins batting - Pitching for University of Arizona Wildcats : RHP Steve Smit
|
Pitching: RHP Steve Smit
|
|
Batting: LHB Mark Cummings
|
0-0: Called Strike 0-1: Ball 1-1: Ball 2-1: Ball 3-1: Base on Balls
|
Batting: RHB Ken Hillman
|
0-0: Called Strike 0-1: Foul Ball, location: 2F 0-2: Ball 1-2: Ball 2-2: Grounds into double play, 5-4-3 (Groundball, 56, EV 84.4 MPH)
|
Batting: RHB Andy Knerr
|
0-0: Foul Ball, location: 2F 0-1: Foul Ball, location: 2F 0-2: Ball 1-2: Foul Ball, location: 2F 1-2: Ball 2-2: Ball 3-2: Ground out 6-3 (Groundball, 6, EV 105.0 MPH)
|
Bottom of the 1st over - 0 runs, 0 hits, 0 errors, 0 left on base; University of Arizona 0 - UCLA 0 |
TOP OF THE 2ND |
University of Arizona Wildcats batting - Pitching for UCLA Bruins : LHP Daniel McConnell
|
Batting: LHB Mark Harris
|
0-0: Ball 1-0: Fly out, F8 (Flyball, 8RD, EV 106.2 MPH)
|
Batting: LHB Andrew Davis
|
0-0: Foul Ball, location: 2F 0-1: Ball 1-1: Foul Ball, location: 2F 1-2: Foul Ball, location: 2F 1-2: Ball 2-2: Fly out, F7 (Flyball, 7, EV 83.8 MPH)
|
Batting: RHB Eddy Amaya
|
0-0: Called Strike 0-1: Ground out 5-3 (Groundball, 56S, EV 83.8 MPH)
|
Top of the 2nd over - 0 runs, 0 hits, 0 errors, 0 left on base; University of Arizona 0 - UCLA 0 |
BOTTOM OF THE 2ND |
UCLA Bruins batting - Pitching for University of Arizona Wildcats : RHP Steve Smit
|
Batting: RHB Corey Bradley
|
0-0: Fly out, F8 (Flyball, 8RS, EV 77.5 MPH)
|
Pitching: RHP Jimmy Serna
|
|
Batting: SHB Sean Munns
|
0-0: Called Strike 0-1: Ground out 6-3 (Groundball, 56, EV 85.0 MPH)
|
Batting: RHB Issac Konol
|
0-0: Called Strike 0-1: Swinging Strike 0-2: Ball 1-2: Ball 2-2: Reached on error, E6 (Groundball, 6, EV 84.4 MPH)
|
Batting: LHB Scott Mullett
|
0-0: Ball 1-0: Ball 2-0: Fielders Choice at 2nd, 5-4 (Groundball, 5, EV 105.0 MPH)
|
Bottom of the 2nd over - 0 runs, 0 hits, 1 error, 1 left on base; University of Arizona 0 - UCLA 0 |
TOP OF THE 3RD |
University of Arizona Wildcats batting - Pitching for UCLA Bruins : LHP Daniel McConnell
|
Batting: RHB Larry Harlow
|
0-0: Ball 1-0: Called Strike 1-1: Foul Ball, location: 2F 1-2: Strikes out looking
|
Batting: RHB Vince Parris
|
0-0: Ground out 5-3 (Groundball, 25, EV 87.5 MPH)
|
Batting: RHB Tatsuro Hamasaki
|
0-0: Foul Ball, location: 2F 0-1: Fly out, F5 (Line Drive, 5, EV 73.1 MPH)
|
Top of the 3rd over - 0 runs, 0 hits, 0 errors, 0 left on base; University of Arizona 0 - UCLA 0 |
BOTTOM OF THE 3RD |
UCLA Bruins batting - Pitching for University of Arizona Wildcats : RHP Jimmy Serna
|
Batting: RHB Michael Alvarado
|
0-0: Called Strike 0-1: Swinging Strike 0-2: Ball 1-2: Reached on error, E3 (Groundball, 13, EV 78.8 MPH)
|
Batting: RHB Ivan Murillo
|
0-0: Called Strike 0-1: Foul Ball, location: 2F 0-2: Fielders Choice at 2nd, 6-4 (Groundball, 56, EV 103.8 MPH)
|
Batting: LHB Mark Cummings
|
0-0: Ball 1-0: Ball 2-0: Called Strike 2-1: SINGLE (Groundball, 34D, EV 103.8 MPH) Ivan Murillo to second Runner from 2nd tries for 3rd, SAFE, no throw by RF
|
Batting: RHB Ken Hillman
|
0-0: Fly out, F6 (Line Drive, 6D, EV 68.8 MPH)
|
Batting: RHB Andy Knerr
|
0-0: Foul Ball, location: 2F 0-1: Foul Ball, location: 2F 0-2: Foul Ball, location: 2F 0-2: Strikes out looking
|
Bottom of the 3rd over - 0 runs, 1 hit, 1 error, 2 left on base; University of Arizona 0 - UCLA 0 |
TOP OF THE 4TH |
University of Arizona Wildcats batting - Pitching for UCLA Bruins : LHP Daniel McConnell
|
Batting: LHB Jere Paatelainen
|
0-0: Foul Ball, location: 2F 0-1: Fly out, F7 (Flyball, 7, EV 75.0 MPH)
|
Batting: LHB Pascal Noël
|
0-0: Ball 1-0: Ball 2-0: Ground out 6-3 (Groundball, 6, EV 107.5 MPH)
|
Batting: RHB Ricardo Fernandez
|
0-0: Swinging Strike 0-1: Ball 1-1: Ball 2-1: Foul Ball, location: 2F 2-2: Foul Ball, location: 2F 2-2: Foul Ball, location: 2F 2-2: Ball 3-2: Ground out 5-3 (Groundball, 56, EV 83.8 MPH)
|
Top of the 4th over - 0 runs, 0 hits, 0 errors, 0 left on base; University of Arizona 0 - UCLA 0 |
BOTTOM OF THE 4TH |
UCLA Bruins batting - Pitching for University of Arizona Wildcats : RHP Jimmy Serna
|
Batting: RHB Corey Bradley
|
0-0: Called Strike 0-1: Foul Ball, location: 2F 0-2: SINGLE (Groundball, 6MD, EV 95.0 MPH)
|
Batting: SHB Sean Munns
|
0-0: SINGLE (Groundball, 34D, EV 103.8 MPH) Corey Bradley to second Runner from 2nd tries for 3rd, SAFE, throw by RF made to third
|
Batting: RHB Issac Konol
|
0-0: Ball 1-0: Ball 2-0: Called Strike 2-1: Foul Ball, location: 2F 2-2: Foul Ball, location: 2F 2-2: SINGLE (Line Drive, 8RS, EV 92.5 MPH) Corey Bradley scores Sean Munns to second
|
Batting: LHB Scott Mullett
|
0-0: Foul Ball, location: 2F 0-1: Ball 1-1: Foul Ball, location: 2F 1-2: Foul Ball, location: 2F 1-2: Foul Ball, location: 2F 1-2: Foul Ball, location: 2F 1-2: Ball 2-2: DOUBLE (Flyball, 78D, EV 104.4 MPH) Sean Munns scores Issac Konol to third Runner from 3rd tries for Home, SAFE, no throw by CF
|
Pitching: LHP Matt Waterbury
|
|
Batting: RHB Michael Alvarado
|
0-0: Ball 1-0: Foul Ball, location: 2F 1-1: Swinging Strike 1-2: Ground out 6-3 (Groundball, P, EV 83.1 MPH) Scott Mullett to third
|
Batting: RHB Ivan Murillo
|
0-0: Ground out U3 (Groundball, 34, EV 102.5 MPH) Scott Mullett scores
|
Batting: LHB Mark Cummings
|
0-0: Called Strike 0-1: Ball 1-1: Ball 2-1: Ball 3-1: Fly out, F6 (Popup, 6M, EV 57.5 MPH)
|
Bottom of the 4th over - 4 runs, 4 hits, 0 errors, 0 left on base; University of Arizona 0 - UCLA 4 |
TOP OF THE 5TH |
University of Arizona Wildcats batting - Pitching for UCLA Bruins : LHP Daniel McConnell
|
Batting: LHB Mark Harris
|
0-0: Foul Ball, location: 2F 0-1: Ball 1-1: Foul Ball, location: 2F 1-2: Foul Ball, location: 2F 1-2: Strikes out swinging
|
Batting: LHB Andrew Davis
|
0-0: Swinging Strike 0-1: Called Strike 0-2: Ball 1-2: Fly out, F8 (Line Drive, 8RD, EV 95.0 MPH)
|
Batting: RHB Eddy Amaya
|
0-0: DOUBLE (Line Drive, 9LS, EV 114.4 MPH)
|
Batting: RHB Larry Harlow
|
0-0: Ball 1-0: Called Strike 1-1: Ground out U3 (Groundball, 3, EV 84.4 MPH)
|
Top of the 5th over - 0 runs, 1 hit, 0 errors, 1 left on base; University of Arizona 0 - UCLA 4 |
BOTTOM OF THE 5TH |
UCLA Bruins batting - Pitching for University of Arizona Wildcats : LHP Matt Waterbury
|
Batting: RHB Ken Hillman
|
0-0: Called Strike 0-1: Swinging Strike 0-2: Hit by Pitch
|
Batting: RHB Andy Knerr
|
0-0: Grounds into double play, 5-4-3 (Groundball, 56, EV 83.1 MPH)
|
Batting: RHB Corey Bradley
|
0-0: Fly out, F4 (Popup, 4S, EV 82.5 MPH)
|
Bottom of the 5th over - 0 runs, 0 hits, 0 errors, 0 left on base; University of Arizona 0 - UCLA 4 |
TOP OF THE 6TH |
University of Arizona Wildcats batting - Pitching for UCLA Bruins : LHP Daniel McConnell
|
Batting: RHB Vince Parris
|
0-0: Ball 1-0: Ground out 1-3 (Groundball, 25, EV 65.6 MPH)
|
Batting: RHB Tatsuro Hamasaki
|
0-0: Ball 1-0: Ball 2-0: Foul Ball, location: 2F 2-1: Ball 3-1: Base on Balls
|
Batting: LHB Jere Paatelainen
|
0-0: Called Strike 0-1: Ball 1-1: Ball 2-1: Ball 3-1: Called Strike 3-2: Strikes out looking
|
Batting: LHB Pascal Noël
|
0-0: Ball 1-0: Foul Ball, location: 2F 1-1: Ground out U3 (Groundball, 23, EV 88.1 MPH)
|
Top of the 6th over - 0 runs, 0 hits, 0 errors, 1 left on base; University of Arizona 0 - UCLA 4 |
BOTTOM OF THE 6TH |
UCLA Bruins batting - Pitching for University of Arizona Wildcats : LHP Matt Waterbury
|
Batting: SHB Sean Munns
|
0-0: Ground out 5-3 (Groundball, 5S, EV 85.6 MPH)
|
Batting: RHB Issac Konol
|
0-0: Ball 1-0: Called Strike 1-1: DOUBLE (Line Drive, 78XD, EV 111.2 MPH)
|
Batting: LHB Scott Mullett
|
0-0: Ball 1-0: Ball 2-0: Fly out, F8 (Flyball, 78M, EV 84.4 MPH)
|
Batting: RHB Michael Alvarado
|
0-0: Ball 1-0: Foul Ball, location: 2F 1-1: Called Strike 1-2: Ground out 6-3 (Groundball, 56, EV 101.9 MPH)
|
Bottom of the 6th over - 0 runs, 1 hit, 0 errors, 1 left on base; University of Arizona 0 - UCLA 4 |
TOP OF THE 7TH |
University of Arizona Wildcats batting - Pitching for UCLA Bruins : LHP Daniel McConnell
|
Batting: RHB Ricardo Fernandez
|
0-0: Called Strike 0-1: Swinging Strike 0-2: Fly out, F8 (Flyball, 8RD, EV 76.9 MPH)
|
Batting: LHB Lihau Keawe
|
0-0: Ball 1-0: Called Strike 1-1: Foul Ball, location: 2F 1-2: SINGLE (Groundball, 56D, EV 90.6 MPH) (infield hit)
|
Batting: LHB Andrew Davis
|
0-0: SINGLE (Groundball, 56D, EV 108.8 MPH) Lihau Keawe to second
|
Batting: RHB Eddy Amaya
|
0-0: Ball 1-0: Swinging Strike 1-1: Swinging Strike 1-2: SINGLE (Groundball, 6D, EV 105.0 MPH) Lihau Keawe to third Andrew Davis to second Runner from 3rd tries for Home, throw by CF and OUT! 8-2
|
Batting: RHB Larry Harlow
|
0-0: Called Strike 0-1: Ball 1-1: Foul Ball, location: 2F 1-2: Foul Ball, location: 2F 1-2: Fly out, F8 (Flyball, 8LS, EV 80.0 MPH)
|
Top of the 7th over - 0 runs, 3 hits, 0 errors, 2 left on base; University of Arizona 0 - UCLA 4 |
BOTTOM OF THE 7TH |
UCLA Bruins batting - Pitching for University of Arizona Wildcats : LHP Matt Waterbury
|
Pitching: RHP Chris Obloy
|
|
Batting: RHB Ivan Murillo
|
0-0: Ball 1-0: Ground out 5-3 (Groundball, 5S, EV 87.5 MPH)
|
Batting: LHB Mark Cummings
|
0-0: Called Strike 0-1: Called Strike 0-2: Ball 1-2: Ball 2-2: Ball 3-2: SINGLE (Groundball, 25, EV 70.6 MPH) (infield hit)
|
Batting: RHB Ken Hillman
|
0-0: Ball 1-0: 2-RUN HOME RUN (Flyball, 7D, EV 97.5 MPH), Distance : 375 ft
|
Batting: RHB Andy Knerr
|
0-0: Ball 1-0: Foul Ball, location: 2F 1-1: Foul Ball, location: 2F 1-2: Foul Ball, location: 2F 1-2: Strikes out swinging
|
Batting: RHB Dave Spradley
|
0-0: Called Strike 0-1: Swinging Strike 0-2: Fly out, F9 (Line Drive, 9S, EV 103.8 MPH)
|
Bottom of the 7th over - 2 runs, 2 hits, 0 errors, 0 left on base; University of Arizona 0 - UCLA 6 |
TOP OF THE 8TH |
University of Arizona Wildcats batting - Pitching for UCLA Bruins : LHP Daniel McConnell
|
Pitching: RHP Jan Marvel
|
|
Batting: RHB Vince Parris
|
0-0: Fly out, F8 (Flyball, 8LS, EV 91.2 MPH)
|
Batting: RHB Tatsuro Hamasaki
|
0-0: Ball 1-0: Swinging Strike 1-1: Ground out 6-3 (Groundball, 6, EV 86.9 MPH)
|
Now at SS: Mike Beck
|
|
Batting: LHB Jere Paatelainen
|
0-0: Swinging Strike 0-1: Ball 1-1: Ball 2-1: Foul Ball, location: 2F 2-2: Ground out 4-3 (Groundball, 4, EV 85.6 MPH)
|
Top of the 8th over - 0 runs, 0 hits, 0 errors, 0 left on base; University of Arizona 0 - UCLA 6 |
BOTTOM OF THE 8TH |
UCLA Bruins batting - Pitching for University of Arizona Wildcats : RHP Chris Obloy
|
Pitching: RHP Steve Wiest
|
|
Batting: SHB Sean Munns
|
0-0: Called Strike 0-1: Fly out, F8 (Flyball, 89D, EV 77.5 MPH)
|
Batting: RHB Issac Konol
|
0-0: Ball 1-0: Ball 2-0: Ball 3-0: Called Strike 3-1: Foul Ball, location: 2F 3-2: Base on Balls
|
Batting: LHB Scott Mullett
|
0-0: Ball 1-0: 2-RUN HOME RUN (Flyball, 7D, EV 96.9 MPH), Distance : 372 ft
|
Batting: RHB Michael Alvarado
|
0-0: Ball 1-0: Ground out 1-3 (Groundball, 13, EV 63.1 MPH)
|
Batting: SHB Mike Beck
|
0-0: SINGLE (Line Drive, 7S, EV 104.4 MPH)
|
Batting: LHB Mark Cummings
|
0-0: Swinging Strike 0-1: Swinging Strike 0-2: Ball 1-2: 2-RUN HOME RUN (Flyball, 9D, EV 103.1 MPH), Distance : 377 ft
|
Pitching: RHP Rogelio Chavez
|
|
Batting: RHB Ken Hillman
|
0-0: Swinging Strike 0-1: Swinging Strike 0-2: Foul Ball, location: 2F 0-2: Ball 1-2: Strikes out swinging
|
Bottom of the 8th over - 4 runs, 3 hits, 0 errors, 0 left on base; University of Arizona 0 - UCLA 10 |
TOP OF THE 9TH |
University of Arizona Wildcats batting - Pitching for UCLA Bruins : RHP Jan Marvel
|
Batting: LHB Pascal Noël
|
0-0: Called Strike 0-1: Ball 1-1: Ball 2-1: Ball 3-1: SINGLE (Groundball, 6MD, EV 110.6 MPH)
|
Batting: RHB Ricardo Fernandez
|
0-0: Fly out, F9 (Flyball, 9S, EV 73.8 MPH)
|
Batting: LHB Lihau Keawe
|
0-0: Ball 1-0: Swinging Strike 1-1: Ball 2-1: Fly out, F9 (Flyball, 9LS, EV 85.6 MPH)
|
Batting: LHB Andrew Davis
|
0-0: Ball 1-0: Foul Ball, location: 2F 1-1: Foul Ball, location: 2F 1-2: Fly out, F8 (Flyball, 8RD, EV 90.6 MPH)
|
Top of the 9th over - 0 runs, 1 hit, 0 errors, 1 left on base; University of Arizona 0 - UCLA 10 |
|